 Dungeon Crawl Stone Soup version 0.26.0-11-g8f856b5395 (webtiles) character file.

Game seed: 12250393093677804606

458 Destapler the Skirmisher (level 6, 0/62 HPs)
             Began as a Troll Fighter on Jan 15, 2021.
             Was an Initiate of Cheibriados.
             Succumbed to a gnoll's poison
             ... on level 4 of the Dungeon.
             The game lasted 00:08:19 (3250 turns).

Destapler the Skirmisher (Troll Fighter)            Turns: 3250, Time: 00:08:20

Health: 0/62       AC:  8    Str: 28    XL:     6   Next: 77%
Magic:  5/5        EV:  8    Int:  5    God:    Cheibriados [......]
Gold:   135        SH:  9    Dex: 10    Spells: 5/5 levels left

rFire    . . .     SeeInvis .   a - +1 flail
rCold    . . .     Faith    .   c - +0 kite shield
rNeg     . . .     Spirit   .   b - +0 robe
rPois    .         Reflect  .   (helmet restricted)
rElec    .         Harm     .   r - +1 cloak
rCorr    .         Rampage  .   (gloves unavailable)
Will     .....                  (boots unavailable)
Stlth    +.........             (no amulet)
HPRegen  0.60/turn              (no ring)
MPRegen  0.09/turn              (no ring)

@: lethally poisoned (0 -> -2), slow
A: large, unfitting armour, claws 3, regeneration 1, shaggy fur 1, tough skin 3
a: Renounce Religion, Bend Time


You were on level 4 of the Dungeon.
You worshipped Cheibriados.
Cheibriados was noncommittal.
You visited 1 branch of the dungeon, and saw 4 of its levels.
You also visited: Sewer.

You collected 135 gold pieces.

Inventory:

Hand Weapons
 a - a +1 flail (weapon)
Missiles
 e - 10 poisoned darts (quivered)
Armour
 b - a +0 robe (worn)
 c - a +0 kite shield (worn)
 r - a +1 cloak (worn)
Scrolls
 i - 3 scrolls of fog
 j - a scroll of fear {unknown}
 k - 4 scrolls of remove curse {unknown}
 l - a scroll of amnesia {unknown}
 m - 4 scrolls of teleportation {unknown}
 s - a scroll of enchant weapon
Potions
 d - a potion of invisibility {unknown}
 f - a potion of curing
 g - a potion of attraction {unknown}
 h - a potion of brilliance {unknown}
 n - 3 potions of magic {unknown}
 o - a potion of might
 p - 2 potions of haste {unknown}
 q - a potion of flight


   Skills:
 + Level 3.9 Fighting
 + Level 3.8 Maces & Flails
 - Level 2.0 Armour
 - Level 2.4 Dodging
 + Level 3.9 Shields


You had 5 spell levels left.
You didn't know any spells.
Your spell library was empty.

Dungeon Overview and Level Annotations

Branches:
Dungeon (4/15)              Sewer (visited)
 Temple: D:4-7

Altars:
Cheibriados
Elyvilon


Innate Abilities, Weirdness & Mutations

You are too large for most types of armour.
You have claws for hands.
Your natural rate of healing is unusually fast.
You are covered in fur. (AC +1)
You have extremely tough skin. (AC +3)


Message History

You feel sick. The gnoll closely misses you.
You feel sick. You block the gnoll's attack.
You feel sick.
You feel sick. You block the gnoll's attack.
Found a stone staircase leading up.
You feel sick.
You feel sick.
Found a stone staircase leading up.
You feel sick. The gnoll hits you but does no damage.
Found 22 sling bullets.
You feel sick. The gnoll hits you but does no damage.
You are lethally poisoned!
You are too injured to fight recklessly!
* * * LOW HITPOINT WARNING * * *
You feel sick.
* * * LOW HITPOINT WARNING * * *
You feel sick. You block the gnoll's attack.
There is a stone staircase leading up here.
You die...

..#.#.#.#.#.#. ##.
#.#.###...............#.
##.. #. #
................# #..#
.# .. ............#
##..# #. ...........#
#)..# .. ...(.....#
#.... ###
######......<.# #....
..............# ##...
#...#.@.....# #...
.......g.....# #...
.#...#.gl...## ##..
............# ###
########.....## # #..#
#.......# # #..
#......## ###
#..###....## ####..
#..####..# ####.....


You could see an iguana and 2 gnolls.

Vanquished Creatures
  An orc wizard (D:3)
  Crazy Yiuf (D:2)
  2 worker ants (D:4)
  Natasha (thrice) (D:2)
  An iguana (D:4)
  5 gnolls
  5 adders
  A river rat (D:3)
  An adder skeleton (D:4)
  4 worms
  3 dart slugs
  5 leopard geckos
  7 orcs (D:3)
  6 ball pythons (Sewer)
  5 bats
  4 giant cockroaches
  7 goblins
  9 hobgoblins
  13 jackals
  2 quokkas
  8 frilled lizards
  18 kobolds
  12 rats
123 creatures vanquished.

Vanquished Creatures (others)
  13 plants (Sewer)
13 creatures vanquished.

Grand Total: 136 creatures vanquished

Notes
Turn   | Place    | Note
-------+----------+-------------------------------------------
     0 | D:1      | Destapler the Troll Fighter began the quest for the Orb.
     0 | D:1      | Reached XP level 1. HP: 22/22 MP: 0/0
    75 | D:1      | Reached XP level 2. HP: 11/29 MP: 1/1
   395 | D:1      | Reached XP level 3. HP: 34/36 MP: 2/2
   476 | D:1      | Reached skill level 1 in Armour
   919 | D:2      | Reached XP level 4. HP: 39/44 MP: 3/3
  1021 | D:2      | Noticed Natasha
  1033 | D:2      | Killed Natasha
  1060 | D:2      | Noticed Natasha
  1072 | D:2      | Killed Natasha
  1156 | D:2      | Found a runed translucent door.
  1157 | D:2      | Noticed Crazy Yiuf
  1167 | D:2      | Paralysed by Crazy Yiuf for 3 turns
  1175 | D:2      | Killed Crazy Yiuf
  1176 | D:2      | Reached XP level 5. HP: 37/53 MP: 4/4
  1468 | D:2      | Noticed Natasha
  1478 | D:2      | Killed Natasha
  1898 | D:3      | Found a glowing drain.
  1902 | Sewer    | Entered a sewer
  2593 | D:3      | Reached XP level 6. HP: 61/61 MP: 5/5
  2986 | D:4      | Found a snail-covered altar of Cheibriados.
  2996 | D:4      | Became a worshipper of Cheibriados the Contemplative
  3079 | D:4      | Found a white marble altar of Elyvilon.
  3242 | D:4      | HP: 3/62 [poisoned by a gnoll]
  3248 | D:4      | HP: 2/62 [poisoned by a gnoll]
  3250 | D:4      | Succumbed to a gnoll's poison

Illustrated notes

Levels and vault maps discovered:
D:1:      dpeg_arrival_rooms_b, layout_rooms
D:2:      layout_basic, uniq_crazy_yiuf_cottage, uniq_natasha
D:3:      layout_rooms, gup_sewer_entry_spiral
D:4:      layout_cave_pods, kennysheep_ying_yang, lemuel_coloured_pillars_altar,
          minivault_23, kennysheep_pointless_box, kennysheep_slug_shrine

Skill      XL: |  1  2  3  4  5 |
---------------+----------------+-----
Maces & Flails | 2 3 |  3.8
Armour         | 1 2 |  2.0
Fighting       | 3 |  3.9
Shields        | 3 |  3.9
Dodging        | |  2.4

Action                   |  1- 3 |  4- 6 || total
-------------------------+-------+-------++-------
Melee: Flail             |   138 |   327 ||   465
  Use: Potion            |       |     4 ||     4
       Scroll            |       |     3 ||     3
 Stab: Sleeping          |     1 |     1 ||     2
Armor: Robe              |   104 |   144 ||   248
Dodge: Dodged            |    76 |   112 ||   188
Block: Kite shield       |   108 |   203 ||   311
